 Dungeon Crawl Stone Soup version 0.28.0-53-g5a82cb258f (webtiles) character file.

Game seed: 6818279364610244822

52848 MiltankisOP the Spry (level 14, -4/97 HPs)
             Began as an Octopode Monk on July 14, 2022.
             Was the Champion of Cheibriados.
             Shot with an arrow by Nessos (12 damage)
             ... on level 12 of the Dungeon.
             The game lasted 00:41:06 (18374 turns).

MiltankisOP the Spry (Octopode Monk)               Turns: 18374, Time: 00:41:07

Health: -4/97      AC: 17    Str: 37    XL:     14   Next: 65%
Magic:  23/23      EV: 37    Int: 28    God:    Cheibriados [******]
Gold:   1085       SH:  0    Dex: 40    Spells: 13/13 levels left

rFire   . . .      SeeInvis .     - Unarmed
rCold   + . .      Faith    .   (no shield)
rNeg    . . .      Spirit   .   (helmet restricted)
rPois   .          Reflect  .   p - amulet of regeneration
rElec   .          Harm     .   c - +4 ring of protection
rCorr   .          Rampage  .   d - +6 ring of dexterity
Will    +....                   l - +6 ring of strength
Stlth   +++++.....              w - +6 ring of strength
HPRegen 1.06/turn               z - ring of protection from cold
MPRegen 0.18/turn               s - +4 ring of protection
                                v - +4 ring of protection
                                S - +4 ring of protection

@: lethally poisoned (-4 -> -17), very slow
A: almost no armour, amphibious, 8 rings, camouflage 1, gelatinous body 1,
(nimble swimmer 1), tentacles
a: Renounce Religion, Bend Time, Temporal Distortion, Slouch, Step From Time


You were on level 12 of the Dungeon.
You worshipped Cheibriados.
Cheibriados was exalted by your worship.
You visited 3 branches of the dungeon, and saw 19 of its levels.

You collected 1220 gold pieces.
You spent 135 gold pieces at shops.

Inventory:

Missiles
 e - 2 throwing nets (quivered)
Jewellery
 c - a +4 ring of protection (left tentacle)
 d - a +6 ring of dexterity (right tentacle)
 l - a +6 ring of strength (on tentacle)
 p - an amulet of regeneration (around mantle)
 s - a +4 ring of protection (on tentacle)
 v - a +4 ring of protection (on tentacle)
 w - a +6 ring of strength (on tentacle)
 z - a ring of protection from cold (on tentacle)
 S - a +4 ring of protection (on tentacle)
 T - a +6 ring of strength
 U - a ring of fire
Wands
 t - a wand of polymorph (8)
 y - a wand of flame (16)
 A - a wand of acid (6)
 E - a wand of digging (6)
 G - a wand of iceblast (7)
 L - a wand of mindburst (8)
 R - a wand of paralysis (5)
Scrolls
 b - 3 scrolls of teleportation
 f - a scroll of fear
 g - a scroll of summoning
 j - a scroll of noise
 o - 2 scrolls of vulnerability
 r - a scroll of torment
 u - a scroll of brand weapon {unknown}
 B - 4 scrolls of silence
 C - a scroll of holy word {unknown}
 F - 2 scrolls of magic mapping {unknown}
 H - 2 scrolls of enchant weapon
 J - 3 scrolls of immolation
 N - 2 scrolls of fog {unknown}
 Q - a scroll of amnesia {unknown}
 V - a scroll of enchant armour {unknown}
Potions
 a - 4 potions of heal wounds
 h - 3 potions of flight
 i - 5 potions of ambrosia
 k - a potion of cancellation {unknown}
 m - 5 potions of degeneration
 n - a potion of haste {unknown}
 q - 7 potions of curing {unknown}
 x - 2 potions of berserk rage {unknown}
 D - 6 potions of brilliance
 I - a potion of lignification {unknown}
 K - 2 potions of magic {unknown}
 M - a potion of might
 O - a potion of attraction {unknown}


   Skills:
 - Level 9.0 Fighting
 - Level 16.0 Dodging
 - Level 2.6 Stealth
 - Level 12.0 Unarmed Combat
 + Level 9.0 Transmutations
 - Level 12.0 Invocations


You had 13 spell levels left.
You didn't know any spells.
Your spell library contained the following spells:

 Spells                   Type           Power      Damage    Failure   Level
 Passwall                 Tmut/Erth      20%        N/A       2%          2
 Blade Hands              Tmut           25%        N/A       8%          5
 Ignite Poison            Fire/Tmut/Pois 16%        N/A       10%         3
 Sandblast                Erth           0%         2d4       11%         1
 Slow                     Hex            0%         N/A       11%         1
 Static Discharge         Conj/Air       0%         N/A       17%         2
 Confusing Touch          Hex            0%         N/A       32%         3
 Mephitic Cloud           Conj/Pois/Air  0%         N/A       32%         3
 Ozocubu's Armour         Ice            0%         N/A       32%         3
 Stone Arrow              Conj/Erth      0%         3d7       32%         3
 Vampiric Draining        Necr           0%         2d6       32%         3
 Dispel Undead            Necr           0%         3d6       73%         4
 Leda's Liquefaction      Hex/Erth       0%         N/A       73%         4
 Sticky Flame             Conj/Fire      0%         2d3       73%         4
 Statue Form              Tmut/Erth      16%        N/A       95%         6
 Freezing Cloud           Conj/Ice/Air   0%         6-21      97%         5
 Lee's Rapid Deconstruct  Erth           0%         3d5*      97%         5
 Iron Shot                Conj/Erth      0%         9d1       100%        6
 Ozocubu's Refrigeration  Ice            0%         4d5       100%        7
 Animate Armour           Summ/Erth      Unusable   N/A       N/A         4

Dungeon Overview and Level Annotations

Branches:
Dungeon (12/15)            Temple (1/1) D:5            Lair (6/6) D:10
  Swamp (0/4) Lair:4       Spider (0/4) Lair:2        Slime (0/5) Lair:5
    Orc (0/2) D:10

Altars:
Ashenzari
Cheibriados
Dithmenos
Elyvilon
Fedhas
Gozag
Hepliaklqana
Kikubaaqudgha
Makhleb
Nemelex Xobeh
Okawaru
Qazlal
Ru
Sif Muna
Trog
Uskayaw
Vehumet
Wu Jian
Xom
Yredelemnul
Zin
The Shining One

Shops:
D:5 *(*   D:7 *

Annotations:
D:4 exclusion: ice beast
D:12 Nessos, Psyche
Lair:3 exclusion: 4 oklob plants
Lair:4 exclusion: oklob plant


Innate Abilities, Weirdness & Mutations

You cannot wear most types of armour.
You are amphibious.
You can wear up to eight rings at the same time.
Your skin changes colour to match your surroundings (Stealth+).
Your rubbery body absorbs attacks. (AC +1, EV +1)
((You are camouflaged when in or above water. (Stealth+)))
You have tentacles for arms and can constrict up to eight enemies at once.


Message History

* * * LOW HITPOINT WARNING * * *
You feel very sick.
Nessos shoots an arrow.
The arrow misses you.
Nessos shoots an arrow.
The arrow barely misses you.
* * * LOW HITPOINT WARNING * * *
You feel extremely sick.
You feel much better.
You feel very sick.
Nessos mumbles some strange words.
Nessos blinks!
Nessos shoots an arrow.
The arrow completely misses you.
Nessos shoots an arrow.
The arrow completely misses you.
You feel very sick.
Nessos shoots an arrow.
The arrow barely misses you.
Nessos shoots an arrow.
The arrow misses you.
Nessos shoots an arrow.
The arrow completely misses you.
Nessos shoots an arrow.
The arrow completely misses you.
You feel very sick.
You batter Nessos!!
Nessos is almost dead.
You feel sick.
Nessos unwields a +3 longbow of flaming.
It stops flaming.
Nessos completely misses you. Nessos kicks you but does no damage.
You closely miss Nessos.
You tentacle-slap Nessos, but do no damage.
Your squeeze misses Nessos.
Nessos is almost dead.
You feel sick.
Nessos casts a spell.
Nessos blinks!
Nessos wields a +3 longbow of flaming.
It bursts into flame!
Nessos shoots an arrow.
The arrow completely misses you.
You feel very sick.
Nessos shoots an arrow.
The arrow completely misses you.
Nessos mumbles some strange words.
Nessos blinks!
Nessos casts a spell.
Nessos blinks!
Nessos shoots an arrow.
The arrow hits you!!
* * * LOW HITPOINT WARNING * * *
The arrow burns you!
You are lethally poisoned!
You die...

########### ..c§.....§#
########@#.#
#.......###.#############
#.####.## ##.............
##.###.#############
#..#.|........#
#§#...#######c#
#c...)#######O####
#c.§.............Kp..#
#.#######.########§##.#


You could see Nessos (fast).

Vanquished Creatures
  Gastronok (D:9)
  A fire dragon (Lair:6)
  Harold (D:9)
  5 boulder beetles
  3 hydras
  Erica (D:9)
  An ogre mage (D:12)
  A two-headed ogre (D:12)
  A death knight (D:12)
  A death yak (Lair:6)
  2 tengu warriors (D:10)
  A fire crab (shapeshifter) (D:12)
  An orb spider (Lair:2)
  A lindwurm (Lair:6)
  2 cyclopes
  2 manticores (D:12)
  An ugly thing (D:10)
  13 elephants
  3 molten gargoyles (Lair:6)
  Maurice (D:8)
  A torpor snail (Lair:6)
  5 black mambas
  2 gargoyles
  3 kobold demonologists
  8 cane toads
  2 unseen horrors (D:12)
  8 komodo dragons
  A rime drake (Lair:6)
  An efreet (D:12)
  4 trolls
  2 tyrant leeches (Lair:4)
  2 slime creatures (Lair:5)
  A hornet (D:11)
  8 blink frogs
  6 dream sheep (Lair:6)
  2 wraiths (D:12)
  4 wyverns
  A vampire (D:11)
  Eustachio (D:6)
  43 yaks
  7 basilisks
  2 steam dragons (Lair:6)
  7 vampire mosquitoes
  16 water moccasins
  Edmund (D:5)
  3 hell hounds (Lair:6)
  3 acid dragons
  Duvessa (D:5)
  8 orc warriors
  A sky beast (D:6)
  A black bear (D:5)
  An ice beast (D:6)
  An ogre (D:6)
  22 wolves
  2 phantoms
  12 centaurs
  3 gnoll sergeants
  9 kobold brigands
  11 bullfrogs
  5 scorpions
  2 water moccasin zombies
  Dowan (D:5)
  A wyvern skeleton (D:7)
  6 killer bees (D:9)
  4 howler monkeys
  A bullfrog zombie (D:3)
  5 lava snakes (Lair:6)
  2 centaur zombies
  3 jellies
  3 hounds
  2 bullfrog skeletons (D:5)
  7 orc priests
  A gnoll shaman (D:5)
  3 centaur skeletons
  6 orc wizards
  2 iguanas (D:5)
  5 hell rats (Lair:4)
  2 killer bee zombies
  A hound skeleton (D:4)
  A howler monkey zombie (D:9)
  16 gnolls
  9 adders
  2 white imps
  3 ufetubi
  2 adder skeletons (D:4)
  3 worms
  3 dart slugs
  35 orcs
  11 ball pythons
  7 endoplasms
  6 giant cockroaches (D:1)
  13 goblins
  11 hobgoblins
  4 quokkas
  6 bats
  2 frilled lizards
  27 kobolds
  4 rats
486 creatures vanquished.

Vanquished Creatures (others)
  A black mamba (Lair:6)
  38 fungi
  41 plants
80 creatures vanquished.

Grand Total: 566 creatures vanquished

Notes
Turn   | Place    | Note
-------+----------+-------------------------------------------
     0 | D:1      | MiltankisOP the Octopode Monk began the quest for the Orb.
     0 | D:1      | Reached XP level 1. HP: 16/16 MP: 1/1
   137 | D:1      | Reached XP level 2. HP: 21/21 MP: 2/2
   300 | D:1      | Found a faded altar of an unknown god.
   359 | D:1      | Reached XP level 3. HP: 25/26 MP: 3/3
   709 | D:2      | Reached skill level 4 in Dodging
   709 | D:2      | Reached XP level 4. HP: 24/33 MP: 4/4
  1668 | D:3      | Reached XP level 5. HP: 30/38 MP: 5/5
  2608 | D:3      | Reached skill level 5 in Fighting
  2608 | D:3      | Reached skill level 5 in Dodging
  2614 | D:3      | Reached XP level 6. HP: 30/45 MP: 6/6
  2917 | D:4      | Noticed an ice beast
  3598 | D:5      | Entered Level 5 of the Dungeon
  3638 | D:5      | Noticed a yak
  3668 | D:4      | Reached XP level 7. HP: 25/51 MP: 7/7
  3971 | D:5      | Noticed a yak
  3971 | D:5      | Noticed a yak
  3971 | D:5      | Noticed a yak
  4013 | D:5      | Found Rolow's Lightly-Used Armoury.
  4021 | D:5      | Reached skill level 6 in Dodging
  4038 | D:5      | Found Mely's Weapon Shop.
  4518 | D:5      | Noticed Edmund
  4531 | D:5      | Killed Edmund
  4532 | D:5      | Reached skill level 7 in Dodging
  4532 | D:5      | Reached XP level 8. HP: 44/60 MP: 8/8
  4706 | D:5      | Killed a yak
  4937 | D:5      | Killed a yak
  5337 | D:5      | Killed a yak
  5338 | D:5      | Reached skill level 8 in Dodging
  5342 | D:5      | Killed a yak
  5343 | D:5      | Reached XP level 9. HP: 22/67 MP: 9/9
  5611 | D:5      | Found a staircase to the Ecumenical Temple.
  5626 | Temple   | Entered the Ecumenical Temple
  5802 | Temple   | Became a worshipper of Cheibriados the Contemplative
  5802 | Temple   | Reached * piety under Cheibriados
  5802 | Temple   | Reached ** piety under Cheibriados
  6215 | D:5      | Noticed Duvessa
  6216 | D:5      | Noticed Dowan
  6230 | D:5      | Killed Duvessa
  6239 | D:5      | Killed Dowan
  6716 | D:5      | Found Alogoax's Elemental Accessories.
  7026 | D:5      | Reached skill level 9 in Dodging
  7111 | D:6      | Noticed Eustachio
  7119 | D:6      | Killed Eustachio
  7249 | D:6      | Reached skill level 5 in Unarmed Combat
  7408 | D:6      | Reached *** piety under Cheibriados
  7552 | D:6      | Noticed a gargoyle
  7564 | D:6      | Killed a gargoyle
  7568 | D:6      | Reached XP level 10. HP: 67/74 MP: 10/10
  7835 | D:6      | You fall into a shaft and drop 1 floor!
  8730 | D:7      | Found Lecreibef's Assorted Antiques.
  8733 | D:7      | Bought a pearl ring for 135 gold pieces
  9053 | D:7      | Found a bloodstained altar of Trog.
  9108 | D:8      | Reached **** piety under Cheibriados
  9161 | D:8      | Noticed Maurice
  9220 | D:8      | Killed Maurice
  9703 | D:9      | Noticed Harold
  9796 | D:9      | Reached skill level 10 in Unarmed Combat
  9829 | D:9      | Killed Harold
  9920 | D:9      | Noticed Erica
  9921 | D:9      | Noticed Gastronok
  9931 | D:9      | Reached ***** piety under Cheibriados
  9936 | D:9      | Killed Erica
  9937 | D:9      | Reached XP level 11. HP: 76/80 MP: 11/11
  9955 | D:9      | Killed Gastronok
 10321 | D:10     | Entered Level 10 of the Dungeon
 10383 | D:10     | Reached skill level 10 in Dodging
 10494 | D:10     | Found a staircase to the Lair.
 10735 | D:10     | Noticed a tengu warrior
 10742 | D:10     | Noticed a tengu warrior
 10750 | D:10     | Killed a tengu warrior
 10761 | D:10     | Noticed a death knight
 10761 | D:10     | Noticed a purple ugly thing
 10825 | D:10     | Killed a purple ugly thing
 10836 | D:10     | Reached skill level 11 in Dodging
 10847 | D:10     | Reached skill level 1 in Invocations
 11162 | D:10     | Killed a tengu warrior
 11267 | D:10     | Found a staircase to the Orcish Mines.
 11521 | D:10     | Reached skill level 5 in Invocations
 11529 | Lair:1   | Entered Level 1 of the Lair of Beasts
 11583 | Lair:1   | Identified the +5 dagger of the Living Dead {pain, Str+3
                  | Dex+4}
 11587 | Lair:1   | Found a dark tunnel.
 11598 | Lair:1   | Noticed a seven-headed hydra
 11616 | Lair:1   | Killed a seven-headed hydra
 11699 | Lair:1   | Reached XP level 12. HP: 85/85 MP: 17/17
 11881 | Lair:1   | Reached ****** piety under Cheibriados
 12002 | Lair:1   | Reached skill level 10 in Invocations
 12598 | Lair:2   | Found a hole to the Spider Nest.
 13630 | Lair:3   | Noticed an eight-headed hydra
 13639 | Lair:3   | Killed an eight-headed hydra
 13789 | Lair:4   | Noticed a boulder beetle
 13808 | Lair:4   | Killed a boulder beetle
 13930 | Lair:4   | Reached skill level 12 in Dodging
 14002 | Lair:4   | Reached XP level 13. HP: 70/90 MP: 22/22
 14427 | Lair:4   | Found a staircase to the Swamp.
 14696 | Lair:5   | Found a staircase to the Slime Pits.
 14704 | Lair:5   | Reached skill level 13 in Dodging
 15305 | Lair:6   | Entered Level 6 of the Lair of Beasts
 15354 | Lair:6   | Reached skill level 14 in Dodging
 15650 | Lair:6   | Reached skill level 15 in Dodging
 16092 | Lair:6   | Reached XP level 14. HP: 97/97 MP: 23/23
 16099 | Lair:6   | Reached skill level 1 in Transmutations
 16134 | Lair:6   | Reached skill level 16 in Dodging
 16424 | Lair:6   | Reached skill level 5 in Transmutations
 16512 | Lair:6   | Found a large runed translucent door.
 16517 | Lair:6   | Found a large runed translucent door.
 18056 | D:12     | Noticed Psyche
 18067 | D:12     | Noticed Nessos
 18374 | D:12     | Shot with an arrow by Nessos

Illustrated notes

Levels and vault maps discovered:
D:1:      minmay_arrival_up_and_down, layout_rooms,
          ebering_ecumenical_altar_mist
D:2:      layout_loops_cross, kennysheep_generic_room_4
D:3:      layout_loops_cross
D:4:      layout_basic, cheibrodos_gnoll_hut
D:5:      layout_basic, minmay_temple_entry_grid, serial_shops, shop,
          serial_bayou, serial_bayou_lake_a, serial_bayou_shore_b,
          serial_bayou_pond_a, serial_bayou_pond_a, nrook_uturn, st_stairs_9,
          nicolae_elemental_shop, supply_closet_lemuel, minmay_shop_damaged,
          uniq_edmund, uniq_duvessa
D:6:      cheibrodos_thug_alley, layout_loops_ring, minmay_divided_ellipse,
          uniq_eustachio
D:7:      layout_loops_corners, trog_hazing_becter, serial_aquarium,
          aquarium_bridge_straight [aquarium_subvault_bridge,
          aquarium_subvault_wall, aquarium_subvault_bridge,
          aquarium_subvault_wall], aquarium_window_fake, aquarium_window_fake,
          aquarium_window_2, aquarium_window_fake, aquarium_view_2c,
          aquarium_pool_five, serial_shops, shop
D:8:      layout_rooms, minmay_misc_feat_rugged,
          eino_small_chamber_without_monster, serial_park_tiny_1, uniq_maurice
D:9:      layout_cave_pools, uniq_gastronok, uniq_harold, uniq_erica
D:10:     layout_loops_corners, lair_entry_dummy, david_orc_4, grunt_tough_drop
D:11:     layout_loops_ring
D:12:     minmay_the_grid_net [minmay_the_grid_spin_star, minmay_the_grid_eight,
          minmay_the_grid_fan, minmay_the_grid_minigrid_large,
          minmay_the_grid_small_cups, minmay_the_grid_prize_shrinking_boxes],
          layout_loops_ring, uniq_nessos, uniq_psyche
Temple:   mainiacjoe_temple_starburst
Lair:1:   gammafunk_indiana_jones, layout_hall_layers,
          nicolae_volcano_entry_two_sided, grunt_megastairs_3,
          infiniplex_staircase_pool
Lair:2:   layout_roguey, nicolae_spider_entry_orb_guardian,
          chequers_serial_rivers_small_a
Lair:3:   minmay_lair_oklob_chamber, layout_misc_corridors,
          chequers_serial_rivers_large_b, minmay_lindwurm_lava
Lair:4:   layout_roguey, minmay_swamp_entry_worms, serial_bayou_shore_b,
          grunt_megastairs_5
Lair:5:   layout_regular_city, minmay_slime_entry_pillars
Lair:6:   cheibrodos_lair_end_hotspot, layout_misc_corridors,
          chequers_serial_rivers_room_a, eino_small_chamber_without_monster

Skill      XL: |  1  2  3  4  5  6  7  8  9 10 11 12 13 14 |
---------------+-------------------------------------------+-----
Fighting       | 4 5 7 8 9 |  9.0
Dodging        | 4 5 7 8 9 11 12 15 16 | 16.0
Unarmed Combat | 7 11 12 | 12.0
Invocations    | 7 12 | 12.0
Transmutations | 9 |  9.0
Stealth        | |  2.6

Action                   |  1- 3 |  4- 6 |  7- 9 | 10-12 | 13-15 || total
-------------------------+-------+-------+-------+-------+-------++-------
Melee: Unarmed           |    72 |   180 |   271 |   424 |   504 ||  1451
       Constrict         |    22 |    42 |    52 |    80 |    53 ||   249
       Tentacles         |    11 |    52 |    97 |   121 |   164 ||   445
       Punch             |     8 |     3 |    10 |    39 |    68 ||   128
Evoke: Wand              |       |       |     6 |     7 |     1 ||    14
  Use: Potion            |       |       |     1 |     1 |     1 ||     3
       Scroll            |       |       |       |    17 |     6 ||    23
 Stab: Sleeping          |     9 |     9 |     5 |    17 |    11 ||    51
       Distracted        |       |     2 |     1 |     2 |     2 ||     7
Armor: Skin              |     5 |    26 |    35 |    80 |    79 ||   225
Dodge: Dodged            |    48 |   128 |   207 |   592 |   696 ||  1671
